 Dungeon Sprint DCSS version 0.27.1-1-g398f81649c (webtiles) character file.

Game seed: 4693058293314062493

10 styxcanada the Covert (level 2, -8/22 HPs)
             Began as a Spriggan Brigand on Sept 15, 2021.
             Splashed by an oklob sapling's acid (12 damage)
             ... in the Dungeon (Sprint IV: "Fedhas' Mad Dash").
             The game lasted 00:00:41 (300 turns).

styxcanada the Covert (Spriggan Brigand)             Turns: 300, Time: 00:00:42

Health: -8/22      AC: -1    Str:  7    XL:     2   Next: 10%
Magic:  3/3        EV: 17    Int: 12    God:
Gold:   0          SH:  0    Dex: 16    Spells: 1/1 levels left

rFire    . . .     SeeInvis +   a - +2 dagger
rCold    . . .     Faith    .   (shield restricted)
rNeg     . . .     Spirit   .   b - +0 robe
rPois    .         Reflect  .   (helmet restricted)
rElec    .         Harm     .   c - +0 cloak
rCorr    .         Rampage  .   (gloves unavailable)
Will     .....     NoTele   +   (boots unavailable)
Stlth    ..........             (no amulet)
HPRegen  0.07/turn              (no ring)
MPRegen  0.08/turn              (no ring)

@: berserking, corroded, very quick
A: very small, no large weapons, unfitting armour, see invisible, speed 3
a: no special abilities


You were in the Dungeon.
You visited 1 branch

Inventory:

Hand Weapons
 a - a +2 dagger (weapon)
Missiles
 d - 8 poisoned darts
 e - 2 curare-tipped darts (quivered)
Armour
 b - a +0 robe (worn)
 c - a +0 cloak (worn)
Scrolls
 k - a scroll of blinking
 l - a scroll of identify {unknown}
Potions
 f - a potion of curing
 g - a potion of heal wounds
 h - a potion of haste
 i - 2 potions of magic


   Skills:
 * Level 1.9 Fighting
 + Level 2.3 Short Blades
 + Level 2.3 Throwing
 * Level 2.2 Dodging
 * Level 8.1 Stealth


You had one spell level left.
You didn't know any spells.
Your spell library was empty.

Dungeon Overview and Level Annotations

Branches:
Dungeon (1/1)

Altars:

Annotations:
D exclusion: oklob sapling


Innate Abilities, Weirdness & Mutations

You are very small and have problems with some larger weapons.
You are too small for most types of armour.
You have supernaturally acute eyesight. (SInv)
You cover ground extremely quickly. (Speed+++)


Message History

The river rat is almost dead.
You kill the river rat!
Your Dodging skill increases to level 2!
Your Stealth skill gained 3 levels and is now at level 8!
You have reached level 2!
The fungus looks more healthy.
d - 3 poisoned darts You see here a river rat corpse.
A nearby fungus withers and dies.
d - 4 poisoned darts (gained 1)
e - 2 curare-tipped darts (gained 1);
d - 6 poisoned darts (gained 2)
You start resting.
HP restored.
There is an open door here.
You see here a poisoned dart.
Things that are here:
a poisoned dart; a scroll labelled WAVAMMIPNO The helpless rat fails to defend itself.
You perforate the rat like a sieve!!!
You kill the rat!
d - 7 poisoned darts (gained 1);
l - a scroll labelled WAVAMMIPNO
d - 8 poisoned darts (gained 1)
You open the door.
An oklob sapling comes into view.
Marking area around an oklob sapling as unsafe for travelling.
Found 32 gold pieces.
There is an open door here.
A red film seems to cover your vision as you go berserk!
You feel yourself moving faster!
You feel mighty!
You completely miss the oklob sapling.
You hit the oklob sapling but do no damage.
You hit the oklob sapling but do no damage.
You hit the oklob sapling but do no damage.
The oklob sapling spits acid at you. The splash of acid hits you!!
Ouch! That really hurt!
* * * LOW HITPOINT WARNING * * *
The acid corrodes you!
You are splashed with acid!
Ouch! That really hurt!
You die...

##################
#<รท..#.....#.$$$$#
#PP..'.....@.#
#PPPP#.....#P#
##############


You could see an oklob sapling.

Vanquished Creatures
  A river rat (D)
  A rat (D)
2 creatures vanquished.

Vanquished Creatures (others)
  A fungus (D)
1 creature vanquished.

Grand Total: 3 creatures vanquished

Notes
Turn   | Place    | Note
-------+----------+-------------------------------------------
     0 | D        | styxcanada the Spriggan Brigand began the quest for the
                  | Orb.
     0 | D        | Reached XP level 1. HP: 10/10 MP: 2/2
    23 | D        | Reached skill level 8 in Stealth
    23 | D        | Reached XP level 2. HP: 2/15 MP: 3/3
   294 | D        | Noticed an oklob sapling
   300 | D        | Splashed by an oklob sapling's acid

Illustrated notes

Levels and vault maps discovered:
D:        dungeon_sprint_fedhas [sprint_temple]

Skill      XL: |  1 |
---------------+----+-----
Dodging        | 2 |  2.2
Stealth        | 8 |  8.1
Fighting       | |  1.9
Short Blades   | |  2.3
Throwing       | |  2.3

Action                   || total
-------------------------++-------
Melee: Dagger            ||     6
Throw: Dart              ||     9
  Use: Potion            ||     1
 Stab: Sleeping          ||     1
Dodge: Dodged            ||     4
